MLB
PHILADELPHIA PHILLIES @ PITTSBURGH PIRATES
08/15/2047
 
TOP OF THE 1ST
Philadelphia Phillies batting - Pitching for Pittsburgh Pirates : RHP Isaac Spikes
Pitching: RHP Isaac Spikes
Batting: RHB Mike Blair 0-0: Called Strike
0-1: Called Strike
0-2: Ball
1-2: Strikes out swinging
Batting: SHB Pete Barutha 0-0: Foul Ball, location: 2F
0-1: Called Strike
0-2: Ball
1-2: Strikes out swinging
Batting: SHB Lance Franklin 0-0: Called Strike
0-1: Called Strike
0-2: Strikes out swinging
Top of the 1st over - 0 runs, 0 hits, 0 errors, 0 left on base; Philadelphia 0 - Pittsburgh 0
BOTTOM OF THE 1ST
Pittsburgh Pirates batting - Pitching for Philadelphia Phillies : RHP James Woods Jr.
Pitching: RHP James Woods Jr.
Batting: LHB Micah Boshnjaku 0-0: Called Strike
0-1: Ground out 6-3 (Groundball, 4, EV 98.1 MPH)
Batting: RHB Raul Mendoza 0-0: Ball
1-0: Ball
2-0: Ball
3-0: Called Strike
3-1: Ground out 6-3 (Groundball, 6, EV 100.0 MPH)
Batting: SHB Marvin McAleer 0-0: Ball
1-0: Ball
2-0: Called Strike
2-1: Swinging Strike
2-2: Strikes out swinging
Bottom of the 1st over - 0 runs, 0 hits, 0 errors, 0 left on base; Philadelphia 0 - Pittsburgh 0
TOP OF THE 2ND
Philadelphia Phillies batting - Pitching for Pittsburgh Pirates : RHP Isaac Spikes
Batting: LHB Osamu Kubo 0-0: Called Strike
0-1: Foul Ball, location: 2F
0-2: Ball
1-2: Foul Ball, location: 2F
1-2: DOUBLE (Line Drive, 7LS, EV 106.9 MPH)
Batting: LHB Ryan Trombley 0-0: Swinging Strike
0-1: Fly out, F7 (Line Drive, 7S, EV 111.2 MPH)
Batting: LHB Nick Canizales 0-0: Swinging Strike
0-1: Swinging Strike
0-2: Strikes out looking
Batting: SHB Jean-François Bernard 0-0: Ball
1-0: Ball
2-0: Foul Ball, location: 2F
2-1: Ball
3-1: Ground out 4-3 (Groundball, 4, EV 83.1 MPH)
Top of the 2nd over - 0 runs, 1 hit, 0 errors, 1 left on base; Philadelphia 0 - Pittsburgh 0
BOTTOM OF THE 2ND
Pittsburgh Pirates batting - Pitching for Philadelphia Phillies : RHP James Woods Jr.
Batting: RHB Mike Bates 0-0: Called Strike
0-1: Foul Ball, location: 2F
0-2: Ball
1-2: Foul Ball, location: 2F
1-2: Ball
2-2: Foul Ball, location: 2F
2-2: Ground out 5-3 (Groundball, 56S, EV 84.4 MPH)
Batting: RHB David Contreras 0-0: Called Strike
0-1: Foul Ball, location: 2F
0-2: Ball
1-2: Ball
2-2: SINGLE (Groundball, 6MD, EV 106.2 MPH)
Batting: LHB Xavier Pittman 0-0: Called Strike
0-1: Ball
1-1: Called Strike
David Contreras steals 2nd base
1-2: Strikes out looking
Batting: RHB Eisse Bravenboer 0-0: Foul Ball, location: 2F
0-1: Ball
1-1: Ball
2-1: Foul Ball, location: 2F
2-2: Strikes out swinging
Bottom of the 2nd over - 0 runs, 1 hit, 0 errors, 1 left on base; Philadelphia 0 - Pittsburgh 0
TOP OF THE 3RD
Philadelphia Phillies batting - Pitching for Pittsburgh Pirates : RHP Isaac Spikes
Batting: RHB Josh Hensley 0-0: Ball
1-0: Called Strike
1-1: SINGLE (Groundball, 6MD, EV 95.6 MPH)
Batting: LHB Danny Hill 0-0: Called Strike
0-1: Swinging Strike
0-2: Grounds into double play, 4-6-3 (Groundball, 34, EV 109.4 MPH)
Batting: RHB Mike Blair 0-0: Called Strike
0-1: Foul Ball, location: 2F
0-2: Ball
1-2: Foul Ball, location: 2F
1-2: Strikes out looking
Top of the 3rd over - 0 runs, 1 hit, 0 errors, 0 left on base; Philadelphia 0 - Pittsburgh 0
BOTTOM OF THE 3RD
Pittsburgh Pirates batting - Pitching for Philadelphia Phillies : RHP James Woods Jr.
Batting: LHB Josh Cook 0-0: Called Strike
0-1: DOUBLE (Groundball, 3L, EV 100.0 MPH)
Batting: RHB Adam Burke 0-0: Ball
1-0: Ball
2-0: Bunted foul
2-1: Ball
3-1: Bunted foul
3-2: Base on Balls
Batting: LHB Micah Boshnjaku 0-0: Foul Ball, location: 2F
0-1: Ball
1-1: Ball
2-1: Foul Ball, location: 2F
2-2: Ball
3-2: Fielders Choice at 2nd, 3-6 (Groundball, 3, EV 77.5 MPH)
Josh Cook to third
Batting: RHB Raul Mendoza 0-0: Foul Ball, location: 2F
0-1: Foul Ball, location: 2F
0-2: Ball
1-2: Ball
2-2: Strikes out swinging
Batting: SHB Marvin McAleer 0-0: Ball
1-0: Called Strike
Micah Boshnjaku steals 2nd base (no throw)
1-1: Foul Ball, location: 2F
1-2: Reached on error, E5 (Groundball, 56, EV 106.2 MPH)
Josh Cook scores
Micah Boshnjaku to third
Batting: RHB Mike Bates 0-0: Foul Ball, location: 2F
0-1: Ball
1-1: Hit by Pitch
Marvin McAleer to second
Batting: RHB David Contreras 0-0: Called Strike
0-1: Fly out, F9 (Line Drive, 9D, EV 94.4 MPH)
Bottom of the 3rd over - 1 run, 1 hit, 1 error, 3 left on base; Philadelphia 0 - Pittsburgh 1
TOP OF THE 4TH
Philadelphia Phillies batting - Pitching for Pittsburgh Pirates : RHP Isaac Spikes
Batting: SHB Pete Barutha 0-0: Ball
1-0: SINGLE (Groundball, 4MS, EV 71.9 MPH) (infield hit)
Batting: SHB Lance Franklin 0-0: Called Strike
0-1: Ball
1-1: Ball
2-1: Called Strike
2-2: Strikes out swinging
Batting: LHB Osamu Kubo 0-0: Ball
1-0: Reached on error, E1 (Groundball, 15S, EV 77.5 MPH)
Pete Barutha to second
Batting: LHB Ryan Trombley 0-0: Ball
1-0: Foul Ball, location: 2F
1-1: Foul Ball, location: 2F
1-2: Hit by Pitch
Pete Barutha to third
Osamu Kubo to second
Batting: LHB Nick Canizales 0-0: Called Strike
0-1: Swinging Strike
0-2: Strikes out swinging
Batting: SHB Jean-François Bernard 0-0: Ball
1-0: Called Strike
1-1: Ball
2-1: Swinging Strike
2-2: Strikes out looking
Top of the 4th over - 0 runs, 1 hit, 1 error, 3 left on base; Philadelphia 0 - Pittsburgh 1
BOTTOM OF THE 4TH
Pittsburgh Pirates batting - Pitching for Philadelphia Phillies : RHP James Woods Jr.
Batting: LHB Xavier Pittman 0-0: Called Strike
0-1: Ball
1-1: Called Strike
1-2: Strikes out looking
Batting: RHB Eisse Bravenboer 0-0: Called Strike
0-1: Ball
1-1: Foul Ball, location: 2F
1-2: Foul Ball, location: 2F
1-2: Strikes out swinging
Batting: LHB Josh Cook 0-0: Swinging Strike
0-1: Foul Ball, location: 2F
0-2: Ball
1-2: Foul Ball, location: 2F
1-2: Strikes out swinging
Bottom of the 4th over - 0 runs, 0 hits, 0 errors, 0 left on base; Philadelphia 0 - Pittsburgh 1
TOP OF THE 5TH
Philadelphia Phillies batting - Pitching for Pittsburgh Pirates : RHP Isaac Spikes
Batting: RHB Josh Hensley 0-0: Ball
1-0: SINGLE (Groundball, 56D, EV 96.9 MPH)
Batting: LHB Danny Hill 0-0: Called Strike
0-1: Foul Ball, location: 2F
0-2: Foul Ball, location: 2F
0-2: Ball
1-2: Strikes out swinging
Batting: RHB Mike Blair 0-0: Ball
1-0: Swinging Strike
1-1: Ball
2-1: Ball
3-1: Base on Balls
Josh Hensley to second
Batting: SHB Pete Barutha 0-0: Called Strike
0-1: Ball
1-1: Foul Ball, location: 2F
1-2: Foul Ball, location: 2F
1-2: Ball
2-2: DOUBLE (Line Drive, 9LS, EV 115.0 MPH)
Josh Hensley scores
Mike Blair to third
Batting: SHB Lance Franklin 0-0: Foul Ball, location: 2F
0-1: Ball
1-1: Ball
2-1: Called Strike
2-2: Ball
3-2: Foul Ball, location: 2F
3-2: Strikes out looking
Batting: LHB Osamu Kubo 0-0: Ball
1-0: Ball
2-0: Called Strike
2-1: Ground out 4-3 (Groundball, 4, EV 87.5 MPH)
Top of the 5th over - 1 run, 2 hits, 0 errors, 2 left on base; Philadelphia 1 - Pittsburgh 1
BOTTOM OF THE 5TH
Pittsburgh Pirates batting - Pitching for Philadelphia Phillies : RHP James Woods Jr.
Batting: RHB Adam Burke 0-0: Ball
1-0: Ball
2-0: Foul Ball, location: 2F
2-1: SOLO HOME RUN (Flyball, 9D, EV 96.9 MPH), Distance : 371 ft
Batting: LHB Micah Boshnjaku 0-0: Ball
1-0: Ball
2-0: Foul Ball, location: 2F
2-1: SINGLE (Flyball, 89M, EV 86.2 MPH)
Batting: RHB Raul Mendoza 0-0: Ball
1-0: Sac Bunt to 13S - play at first, batter OUT! 1-3
Micah Boshnjaku to second
Batting: SHB Marvin McAleer 0-0: Ball
1-0: SINGLE (Line Drive, 4MD, EV 101.2 MPH)
Micah Boshnjaku to third
Batting: RHB Mike Bates 0-0: Ball
1-0: Ball
2-0: Ball
3-0: Base on Balls
Marvin McAleer to second
Batting: RHB David Contreras 0-0: Called Strike
0-1: Ball
1-1: Ball
2-1: Swinging Strike
2-2: Strikes out swinging
Batting: LHB Xavier Pittman 0-0: Ball
1-0: Ball
2-0: Ball
3-0: Base on Balls
Micah Boshnjaku scores
Marvin McAleer to third
Mike Bates to second
Batting: RHB Eisse Bravenboer 0-0: Swinging Strike
0-1: Foul Ball, location: 2F
0-2: Ball
1-2: Strikes out swinging wild pitch, reaches first!
Marvin McAleer scores
Mike Bates to third
Xavier Pittman to second
Batting: LHB Josh Cook 0-0: Ball
1-0: Ball
2-0: Ball
3-0: Base on Balls
Mike Bates scores
Xavier Pittman to third
Eisse Bravenboer to second
Pitching: RHP Ben Clayton
Batting: RHB Adam Burke 0-0: Ball
1-0: Fly out, F6 (Popup, 15, EV 71.9 MPH)
Bottom of the 5th over - 4 runs, 3 hits, 0 errors, 3 left on base; Philadelphia 1 - Pittsburgh 5
TOP OF THE 6TH
Philadelphia Phillies batting - Pitching for Pittsburgh Pirates : RHP Isaac Spikes
Batting: LHB Ryan Trombley 0-0: Foul Ball, location: 2F
0-1: Ball
1-1: Ball
2-1: Fly out, F8 (Flyball, 8LM, EV 76.2 MPH)
Batting: LHB Nick Canizales 0-0: Called Strike
0-1: Ball
1-1: Called Strike
1-2: Foul Ball, location: 2F
1-2: Ball
2-2: Ball
3-2: Fly out, F8 (Flyball, 89D, EV 103.8 MPH)
Batting: SHB Jean-François Bernard 0-0: Called Strike
0-1: Foul Ball, location: 2F
0-2: Ball
1-2: Fly out, F8 (Flyball, 8RD, EV 103.1 MPH)
Top of the 6th over - 0 runs, 0 hits, 0 errors, 0 left on base; Philadelphia 1 - Pittsburgh 5
BOTTOM OF THE 6TH
Pittsburgh Pirates batting - Pitching for Philadelphia Phillies : RHP Ben Clayton
Batting: LHB Micah Boshnjaku 0-0: Ball
1-0: SINGLE (Flyball, 8RS, EV 84.4 MPH)
Batting: RHB Raul Mendoza 0-0: Ball
Micah Boshnjaku steals 2nd base
1-0: Foul Ball, location: 2F
1-1: Ball
2-1: Swinging Strike
2-2: Ball
3-2: Foul Ball, location: 2F
3-2: Foul Ball, location: 2F
3-2: Foul Ball, location: 2F
3-2: Foul Ball, location: 2F
3-2: SINGLE (Groundball, 56S, EV 67.5 MPH) (infield hit)
Micah Boshnjaku to third
Batting: SHB Marvin McAleer 0-0: Ball
1-0: SINGLE (Groundball, 6MD, EV 97.5 MPH)
Micah Boshnjaku scores
Raul Mendoza to second
Runner from 2nd tries for 3rd, SAFE, throw by CF made at trailing runner, OUT! 8-4
Batting: RHB Mike Bates 0-0: Ball
1-0: Called Strike
1-1: Foul Ball, location: 2F
1-2: Foul Ball, location: 2F
1-2: Ball
2-2: Strikes out swinging
Batting: RHB David Contreras 0-0: Ball
1-0: Ball
2-0: Reached on error, E1 (Groundball, 13S, EV 62.5 MPH)
Raul Mendoza scores
Batting: LHB Xavier Pittman 0-0: Fly out, F8 (Flyball, 8RM, EV 90.0 MPH)
Bottom of the 6th over - 2 runs, 3 hits, 1 error, 1 left on base; Philadelphia 1 - Pittsburgh 7
TOP OF THE 7TH
Philadelphia Phillies batting - Pitching for Pittsburgh Pirates : RHP Isaac Spikes
Batting: RHB Josh Hensley 0-0: Ball
1-0: Called Strike
1-1: Fly out, F7 (Flyball, 7, EV 85.0 MPH)
Batting: LHB Danny Hill 0-0: Ball
1-0: Called Strike
1-1: Foul Ball, location: 2F
1-2: Ball
2-2: Strikes out swinging
Batting: RHB Mike Blair 0-0: Called Strike
0-1: Ball
1-1: Ball
2-1: Foul Ball, location: 2F
2-2: Ball
3-2: Base on Balls
Pitching: LHP Marko Emchenko
Batting: SHB Pete Barutha 0-0: Foul Ball, location: 2F
0-1: SINGLE (Groundball, 5S, EV 68.8 MPH) (infield hit)
Mike Blair to second
Batting: SHB Lance Franklin 0-0: Called Strike
0-1: Foul Ball, location: 2F
0-2: Ball
1-2: SINGLE (Line Drive, 8RS, EV 88.1 MPH)
Mike Blair to third
Pete Barutha to second
Runner from 3rd tries for Home, SAFE, throw by CF to home
Batting: LHB Osamu Kubo 0-0: Foul Ball, location: 2F
0-1: Foul Ball, location: 2F
0-2: Fly out, F8 (Flyball, 8LM, EV 80.0 MPH)
Top of the 7th over - 1 run, 2 hits, 0 errors, 2 left on base; Philadelphia 2 - Pittsburgh 7
BOTTOM OF THE 7TH
Pittsburgh Pirates batting - Pitching for Philadelphia Phillies : RHP Ben Clayton
Batting: RHB Eisse Bravenboer 0-0: DOUBLE (Groundball, 5L, EV 102.5 MPH)
Batting: LHB Josh Cook 0-0: Ball
1-0: Ball
2-0: Ball
3-0: Called Strike
3-1: SINGLE (Flyball, 4D, EV 86.9 MPH)
Eisse Bravenboer to third
Batting: RHB Adam Burke 0-0: Called Strike
Josh Cook steals 2nd base
0-1: Ground out 6-3 (Groundball, 6S, EV 86.2 MPH)
Eisse Bravenboer scores
Josh Cook to third
Batting: LHB Micah Boshnjaku 0-0: Foul Ball, location: 2F
0-1: Foul Ball, location: 2F
0-2: Fly out, F8 (Flyball, 8RXD, EV 106.9 MPH)
Runner from 3rd tags up, SCORES, no throw by CF
Batting: RHB Raul Mendoza 0-0: Called Strike
0-1: Ground out 4-3 (Groundball, 4, EV 90.6 MPH)
Bottom of the 7th over - 2 runs, 2 hits, 0 errors, 0 left on base; Philadelphia 2 - Pittsburgh 9
TOP OF THE 8TH
Philadelphia Phillies batting - Pitching for Pittsburgh Pirates : LHP Marko Emchenko
Batting: LHB Ryan Trombley 0-0: Foul Ball, location: 2F
0-1: Swinging Strike
0-2: Foul Ball, location: 2F
0-2: Ground out 5-3 (Groundball, 56S, EV 90.0 MPH)
Pinch Hitting: RHB Tommie Eaton 0-0: Ball
1-0: Ball
2-0: Called Strike
2-1: Ball
3-1: Swinging Strike
3-2: Foul Ball, location: 2F
3-2: Foul Ball, location: 2F
3-2: Foul Ball, location: 2F
3-2: Foul Ball, location: 2F
3-2: Foul Ball, location: 2F
3-2: DOUBLE (Line Drive, 5D, EV 96.9 MPH)
Batting: SHB Jean-François Bernard 0-0: Ball
1-0: Foul Ball, location: 2F
1-1: Ground out U3 (Groundball, 3, EV 86.2 MPH)
Tommie Eaton to third
Batting: RHB Josh Hensley 0-0: Ball
1-0: Fly out, F8 (Flyball, 8RXD, EV 107.5 MPH)
Top of the 8th over - 0 runs, 1 hit, 0 errors, 1 left on base; Philadelphia 2 - Pittsburgh 9
BOTTOM OF THE 8TH
Pittsburgh Pirates batting - Pitching for Philadelphia Phillies : RHP Ben Clayton
Now at 2B: Lance Franklin
Now at SS: Tommie Eaton
Batting: SHB Marvin McAleer 0-0: Ball
1-0: Called Strike
1-1: Ball
2-1: Foul Ball, location: 2F
2-2: Strikes out swinging
Batting: RHB Mike Bates 0-0: Called Strike
0-1: Ball
1-1: Ball
2-1: Ball
3-1: Called Strike
3-2: Fly out, F8 (Flyball, 8LXD, EV 97.5 MPH)
Batting: RHB David Contreras 0-0: Ball
1-0: Ball
2-0: Ball
3-0: Base on Balls
Pitching: RHP Brian Thomas
Batting: LHB Xavier Pittman 0-0: Swinging Strike
0-1: Foul Ball, location: 2F
0-2: Ball
1-2: Fly out, F8 (Flyball, 8RM, EV 90.6 MPH)
Bottom of the 8th over - 0 runs, 0 hits, 0 errors, 1 left on base; Philadelphia 2 - Pittsburgh 9
TOP OF THE 9TH
Philadelphia Phillies batting - Pitching for Pittsburgh Pirates : LHP Marko Emchenko
Batting: LHB Danny Hill 0-0: Called Strike
0-1: Ball
1-1: Fly out, F4 (Line Drive, 4, EV 69.4 MPH)
Batting: RHB Mike Blair 0-0: Foul Ball, location: 2F
0-1: Ball
1-1: Swinging Strike
1-2: Ball
2-2: Ball
3-2: Foul Ball, location: 2F
3-2: Strikes out swinging
Batting: SHB Pete Barutha 0-0: Ball
1-0: Ball
2-0: Fly out, F7 (Flyball, 7D, EV 81.9 MPH)
Top of the 9th over - 0 runs, 0 hits, 0 errors, 0 left on base; Philadelphia 2 - Pittsburgh 9
Thursday, December 15th , 2022 - OOTP Baseball 23.9 Build 102